 Dungeon Crawl Stone Soup version 0.31.0-1-g2c135a008e (webtiles) character file.

Game seed: 8535660540237575320

111 qw the Shooter (level 5, -4/40 HPs)
             Began as a Djinni Hunter on Jan 23, 2024.
             Slain by a gnoll
             ... wielding a +0 spear
              (6 damage)
             ... on level 3 of the Dungeon.
             The game lasted 00:00:06 (1349 turns).

qw the Shooter (Djinni Hunter)                      Turns: 1349, Time: 00:00:07

Health: -4/40      AC:  4    Str: 10    XL:     5   Next: 15%
Gold:   65         EV: 12    Int: 11    God:
                   SH:  0    Dex: 18

rFire   + + .        a - +0 shortbow
rCold   x . .        (shield currently unavailable)
rNeg    . . .        h - +0 leather armour {rPois}
rPois   inf          (no helmet)
rElec   .            d - +0 cloak
rCorr   .            (no gloves)
SInv    .            (boots unavailable)
Will    .....        (no amulet)
Stlth   ++           (no ring)
HPRegen 0.26/turn    (no ring)
MPRegen 0.00/turn

%: infuse magic (-5 HP)
@: flying
A: sickness immunity, fire resistance 2, cold vulnerability 1, float, innate
caster, HP casting, extra vitality 1
a: no special abilities


You were on level 3 of the Dungeon.
You visited 1 branch of the dungeon, and saw 3 of its levels.

You collected 65 gold pieces.


Innate Abilities, Weirdness & Mutations

You are immune to sickness and miasma.
You are immune to poison.
Your flesh is very heat resistant. (rF++)
You are vulnerable to cold. (rC-)
You float through the air rather than walking.
You learn spells naturally, not from books.
Your magical power is your life essence.
You have superior vitality. (+4 MHP)


   Skills:
 - Level 3.2 Fighting
 + Level 4.2 Ranged Weapons
 - Level 3.0 Dodging
 - Level 0.7 Stealth


You knew the following spells:

 Your Spells              Type           Power      Damage    Failure   Level
a - Necrotise             Necr           0%         1d4       43%         1
b - Scorch                Fire           0%         2d5       58%         2
Your spell library was empty.

Inventory:

Hand Weapons
 a - a +0 shortbow (weapon)
Armour
 d - a +0 cloak (worn)
 h - a +0 leather armour of poison resistance (worn)
Jewellery
 b - a ring of fire
Potions
 f - a potion of curing
 j - a potion of might

Dungeon Overview and Level Annotations

Branches:
Dungeon (3/15)

Altars:
Zin


Message History

The howler monkey zombie misses you.
The howler monkey zombie barely misses you.
You shoot an arrow.
The arrow hits the howler monkey zombie!
You destroy the howler monkey zombie!
You have reached level 5!
The power to cast Scorch wells up from within.
Spell assigned to 'b'.
You shoot an arrow. The arrow hits the gnoll.
The gnoll is moderately wounded.
The gnoll barely misses you.
You shoot an arrow.
The arrow hits the gnoll but does no damage.
The gnoll is moderately wounded.
The gnoll hits you from afar with a +0 spear.
You shoot an arrow. The arrow barely misses the gnoll.
The arrow hits the gnoll.
The gnoll is lightly wounded.
The gnoll hits you from afar with a +0 spear.
The gnoll hits you from afar with a +0 spear!
You shoot an arrow. The arrow hits the gnoll!
The gnoll is severely wounded.
The gnoll misses you.
You shoot an arrow. The arrow hits the gnoll.
The gnoll is almost dead.
The gnoll hits you from afar with a +0 spear!
You shoot an arrow. The arrow hits the gnoll.
You kill the gnoll!
You shoot an arrow. The arrow hits the gnoll.
The gnoll is lightly wounded.
The gnoll closely misses you.
The gnoll hits you from afar with a +0 spear.
You shoot an arrow. The arrow completely misses the gnoll.
The arrow barely misses the gnoll.
The gnoll closely misses you.
You shoot an arrow. The arrow closely misses the gnoll.
The gnoll hits you from afar with a +0 spear!
You shoot an arrow. The arrow hits the gnoll.
The gnoll is heavily wounded.
The gnoll hits you from afar with a +0 spear.
You die...

.... ....
... #.g #..
#.g#########
#..#<@.....#
#.gg######.#
##.)# #..#
#..# #..#
#..# #..#
#..#


You could see 2 gnolls.

Vanquished Creatures
  A howler monkey zombie (D:3)
  2 gnolls (D:3)
  An adder (D:2)
  2 ribbon worms
  A dart slug (D:1)
  6 endoplasms (D:1)
  A giant cockroach (D:1)
  2 goblins (D:1)
  6 hobgoblins
  2 jackals (D:1)
  6 kobolds
  2 quokkas
  6 ball pythons
  6 bats
  5 frilled lizards
  12 rats
61 creatures vanquished.

Notes
Turn   | Place    | Note
-------+----------+-------------------------------------------
     0 | D:1      | qw the Djinni Hunter began the quest for the Orb.
     0 | D:1      | Reached XP level 1. HP: 18/18 MP: 0/0
     0 | D:1      | 0 ||| qw: Version: 0.3-a-132-g3d54051
     0 | D:1      | 0 ||| qw: Game counter: 577
     0 | D:1      | 0 ||| qw: Melee chars always use a shield: true
     0 | D:1      | 0 ||| qw: God list: Okawaru
     0 | D:1      | 0 ||| qw: Allow faded altars: false
     0 | D:1      | 0 ||| qw: Do Orc after clearing Dungeon:15 true
     0 | D:1      | 0 ||| qw: Do second Lair branch before Depths: true
     0 | D:1      | 0 ||| qw: Lair rune preference: random
     0 | D:1      | 0 ||| qw: Goals: Normal
     0 | D:1      | 0 ||| PLANNING D:1-11
    22 | D:1      | HP: 2/18 [ribbon worm (6)]
   132 | D:1      | Reached XP level 2. HP: 23/23 MP: 0/0
   254 | D:1      | Reached skill level 4 in Ranged Weapons
   254 | D:1      | Reached XP level 3. HP: 28/28 MP: 0/0
   254 | D:1      | Learned a level 1 spell: Necrotise
   748 | D:1      | 748 ||| UPGRADING to +0 leather armour of poison
                  | resistance.
   758 | D:1      | 758 ||| DROPPING +0 leather armour.
   759 | D:1      | 759 ||| READING 2 scrolls labelled YJUVOALU HEUTIUH.
   759 | D:1      | 759 ||| IDENTIFYING golden potion
   760 | D:1      | 760 ||| READING scroll of identify.
   760 | D:1      | 760 ||| IDENTIFYING amethyst potion
   761 | D:1      | 761 ||| READING scroll labelled VEON TIRADO.
   762 | D:1      | 762 ||| READING scroll labelled ZUTALY ATAM.
   763 | D:1      | 763 ||| READING scroll labelled XUXEQI ZUMIMMA.
   768 | D:1      | 768 ||| DROPPING scroll of butterflies.
   837 | D:2      | Reached XP level 4. HP: 34/34 MP: 0/0
   845 | D:2      | Reached skill level 3 in Fighting
   849 | D:2      | Found a glowing silver altar of Zin.
  1215 | D:2      | 1215 ||| UPGRADING to +0 cloak.
  1220 | D:2      | 1220 ||| READING scroll of identify.
  1220 | D:2      | 1220 ||| IDENTIFYING sapphire potion
  1221 | D:2      | 1221 ||| READING scroll labelled TIOROC QOI.
  1222 | D:2      | 1222 ||| FLEEEEING.
  1282 | D:2      | 1282 ||| DROPPING potion of brilliance.
  1293 | D:3      | 1293 ||| STAIRDANCE
  1295 | D:2      | 1295 ||| FLEEEEING.
  1330 | D:3      | Reached skill level 3 in Dodging
  1331 | D:3      | 1331 ||| RETREEEEATING.
  1333 | D:3      | 1333 ||| RETREEEEATING.
  1337 | D:3      | 1337 ||| RETREEEEATING.
  1340 | D:3      | Reached XP level 5. HP: 37/40 MP: 0/0
  1340 | D:3      | Learned a level 2 spell: Scorch
  1346 | D:3      | HP: 10/40 [gnoll/+0 spear (3)]
  1348 | D:3      | HP: 1/40 [gnoll/+0 spear (9)]
  1349 | D:3      | Slain by a gnoll

Levels and vault maps discovered:
D:1:      dpeg_arrival_brainrot, layout_loops_cross,
          chequers_serial_rivers_micro_d, hex_medium, minmay_tromino_v4_a
D:2:      layout_rooms, basic_altar
D:3:      layout_basic, serial_undead, serial_undead_a, serial_undead_b,
          serial_undead_f, serial_undead_f

Skill      XL: |  1  2  3  4 |
---------------+-------------+-----
Ranged Weapons | 4 |  4.2
Fighting       | 3 |  3.2
Dodging        | 3 |  3.0
Stealth        | |  0.7

Action                     |  1- 3 |  4- 6 || total
---------------------------+-------+-------++-------
   Fire: Shortbow          |   108 |    66 ||   174
    Use: Scroll            |     5 |     2 ||     7
 Armour: Leather armour    |    17 |    27 ||    44
  Dodge: Dodged            |    20 |    31 ||    51

Table legend:
 A = Non-vault XP
 B = Vault XP
 C = Vault XP percentage of total XP
 D = Non-vault monster count
 E = Vault monster count
 F = Vault count percentage of total count
                 A         B        C        D         E       F
            +---------+---------+-------+---------+---------+-------
      Total |     133 |      26 |  16.4 |      56 |       5 |   8.2
            +---------+---------+-------+---------+---------+-------
        D:1 |      50 |      10 |  16.7 |      32 |       4 |  11.1
        D:2 |      53 |       0 |   0.0 |      22 |       0 |   0.0
        D:3 |      30 |      16 |  34.8 |       2 |       1 |  33.3
            +---------+---------+-------+---------+---------+-------
